[Event "36th German Seniors-ch-65 2024"]
[Site "Bad Wildungen"]
[Date "2024.08.25"]
[Round "1.1"]
[White "Chevelevitch, Evgueni"]
[Black "Mueller, Lutz"]
[Result "1-0"]
[ECO "B08"]
[WhiteElo "2334"]
[BlackElo "1925"]
[Annotator "RC"]
[PlyCount "79"]
[EventDate "2024.08.22"]
[EventType "swiss"]
[EventCountry "GER"]
[SourceTitle "playchess.com"]
[Source "ChessBase"]
[SourceQuality "1"]
[TimeControl "40/5400+30:1800+30"]

1. e4 g6 2. d4 Bg7 3. Nf3 d6 4. Nc3 Nc6 5. d5 Nb8 6. Be2 Nf6 7. O-O O-O 8. Bg5 c5 9. Qd2 Re8 10. Rfe1 Na6 11. h3 Nd7 12. Bf1 Rb8 13. a4 f6 14. Be3 Nc7 15. Qd1 b6 16. Nd2 Ne5 17. f4 Nf7 18. Nb5 Ra8 19. Nc4 Bd7 20. Nc3 Qb8 21. Qd2 Qc8 22. Bf2 Rd8 23. Bg3 e5 24. dxe6 Nxe6 25. Nd5 Qb7 26. c3 Bc6 27. Nce3 h5 28. Bc4 Re8 29. h4 Rad8 30. f5 Nf8 31. fxg6 Nxg6 32. Nf5 Nge5 33. Be2 Ng4 34. Bxg4 hxg4 35. c4 Kh7 36. Qe2 Bxd5 37. cxd5 Ne5 38. Bxe5 fxe5 39. Qxg4 Qf7 40. Rf1 1-0

[Event "36th German Seniors-ch-65 2024"]
[Site "Bad Wildungen"]
[Date "2024.08.25"]
[Round "1.2"]
[White "Pekrul, Juergen"]
[Black "Brueggemann, Joachim"]
[Result "1/2-1/2"]
[ECO "D34"]
[WhiteElo "1916"]
[BlackElo "2267"]
[Annotator "RC"]
[PlyCount "72"]
[EventDate "2024.08.22"]
[EventType "swiss"]
[EventCountry "GER"]
[SourceTitle "playchess.com"]
[Source "ChessBase"]
[SourceQuality "1"]
[TimeControl "40/5400+30:1800+30"]

1. Nf3 Nf6 2. d4 e6 3. g3 c5 4. Bg2 Nc6 5. O-O d5 6. c4 Be7 7. cxd5 exd5 8. Nc3 O-O 9. Bg5 c4 10. Ne5 Be6 11. Nxc6 bxc6 12. b3 Qa5 13. Qc2 Rac8 14. Bd2 cxb3 15. axb3 Qb6 16. e3 c5 17. Na4 Qb5 18. dxc5 Bxc5 19. Nxc5 Rxc5 20. Qb2 Ne4 21. Ra5 Qb6 22. Rxc5 Nxc5 23. Bc3 Qxb3 24. Bxg7 Qxb2 25. Bxb2 Nb3 26. Rd1 Rd8 27. Bf6 Rd7 28. Rb1 Rb7 29. Rd1 Rb6 30. Bd8 Rd6 31. Be7 Rd7 32. Bf6 a5 33. Bf1 Rb7 34. Bc4 Rb6 35. Bd8 dxc4 36. Bxb6 c3 1/2-1/2

[Event "36th German Seniors-ch-65 2024"]
[Site "Bad Wildungen"]
[Date "2024.08.25"]
[Round "1.3"]
[White "Klundt, Klaus"]
[Black "Juenger, Leonhard"]
[Result "1-0"]
[ECO "B33"]
[WhiteElo "2264"]
[BlackElo "1912"]
[Annotator "RC"]
[PlyCount "71"]
[EventDate "2024.08.22"]
[EventType "swiss"]
[EventCountry "GER"]
[SourceTitle "playchess.com"]
[Source "ChessBase"]
[SourceQuality "1"]
[TimeControl "40/5400+30:1800+30"]

1. e4 c5 2. Nf3 e6 3. d4 cxd4 4. Nxd4 Nf6 5. Nc3 Nc6 6. Ndb5 d6 7. Bf4 e5 8. Bg5 a6 9. Na3 b5 10. Nd5 Be7 11. Bxf6 Bxf6 12. c4 b4 13. Nc2 Bg5 14. g3 O-O 15. h4 Bh6 16. Bh3 Be6 17. Kf1 Rb8 18. Kg2 a5 19. b3 Qd7 20. Qd3 f6 21. Rad1 Bxh3+ 22. Rxh3 Rbd8 23. Rhh1 Kh8 24. f3 g6 25. Qe2 Qg7 26. h5 f5 27. hxg6 Qxg6 28. Rh3 Rf7 29. Rdh1 Bf4 30. exf5 Qg5 31. Qe4 Bxg3 32. Rxg3 Qd2+ 33. Kf1 Qd1+ 34. Ne1 Nd4 35. f6 Rdf8 36. Rg7 1-0

[Event "36th German Seniors-ch-65 2024"]
[Site "Bad Wildungen"]
[Date "2024.08.25"]
[Round "1.4"]
[White "Powalla, Klaus"]
[Black "Juhnke, Juergen"]
[Result "0-1"]
[ECO "B20"]
[WhiteElo "1912"]
[BlackElo "2259"]
[Annotator "RC"]
[PlyCount "81"]
[EventDate "2024.08.22"]
[EventType "swiss"]
[EventCountry "GER"]
[SourceTitle "playchess.com"]
[Source "ChessBase"]
[SourceQuality "1"]
[TimeControl "40/5400+30:1800+30"]

1. e4 c5 2. Bc4 Nc6 3. a3 Nf6 4. Nc3 e6 5. d3 Be7 6. Nf3 d5 7. exd5 exd5 8. Ba2 O-O 9. h3 b5 10. O-O b4 11. Ne2 a5 12. c3 Ba6 13. Re1 Re8 14. Bf4 h6 15. Qd2 a4 16. cxb4 cxb4 17. Rac1 Rc8 18. Ned4 Nxd4 19. Nxd4 Bc5 20. Nf5 bxa3 21. d4 Bf8 22. bxa3 Ne4 23. Qe3 Qf6 24. Rxc8 Bxc8 25. Ng3 Bb7 26. Be5 Qe7 27. Nxe4 dxe4 28. Rb1 Kh7 29. Qf4 f6 30. Qf5+ Kh8 31. Bf4 Rd8 32. d5 Bc8 33. Qh5 Qxa3 34. Bc4 Qc3 35. Rc1 Qb2 36. Qf7 Bc5 37. Rf1 Qd4 38. Bxh6 gxh6 39. Qg6 Bf8 40. Rc1 Bg7 41. d6 0-1

[Event "36th German Seniors-ch-65 2024"]
[Site "Bad Wildungen"]
[Date "2024.08.25"]
[Round "1.5"]
[White "Nehmert, Ulrich"]
[Black "Duerer, Manfred"]
[Result "1-0"]
[ECO "A80"]
[WhiteElo "2255"]
[BlackElo "1911"]
[Annotator "RC"]
[PlyCount "120"]
[EventDate "2024.08.22"]
[EventType "swiss"]
[EventCountry "GER"]
[SourceTitle "playchess.com"]
[Source "ChessBase"]
[SourceQuality "1"]
[TimeControl "40/5400+30:1800+30"]

1. d4 f5 2. Nf3 Nf6 3. Bf4 e6 4. h4 b6 5. e3 Bb7 6. Nbd2 Be7 7. Bd3 O-O 8. c3 Nc6 9. Qe2 Rc8 10. e4 fxe4 11. Nxe4 Qe8 12. Bg3 Nd8 13. O-O-O Nxe4 14. Bxe4 Qh5 15. Rhe1 Bxe4 16. Qxe4 Nc6 17. d5 exd5 18. Rxd5 Qh6+ 19. Kb1 Bd6 20. Bxd6 cxd6 21. Qg4 Rcd8 22. Qg5 Qxg5 23. hxg5 Ne5 24. Re3 Ng4 25. Re2 Ne5 26. Nd2 Rfe8 27. Rxd6 Kf8 28. f4 Nf7 29. Rxe8+ Kxe8 30. Rd5 Ke7 31. Nf3 Ke6 32. c4 g6 33. Kc2 Nd6 34. Nd4+ Ke7 35. Re5+ Kf8 36. Kd3 Nf7 37. Rd5 Ke7 38. b4 Rc8 39. g4 Rb8 40. f5 gxf5 41. Nxf5+ Ke6 42. Ng7+ Ke7 43. Nh5 d6 44. Ng3 Rg8 45. Ne4 Ke6 46. Kd4 Rg6 47. a4 Ke7 48. a5 Kd8 49. Rf5 Rg7 50. a6 Kd7 51. Nf6+ Ke7 52. Nxh7 Ne5 53. Nf6 Nc6+ 54. Kc3 Ne5 55. b5 Nf7 56. Nd5+ Kd8 57. Nxb6 Nxg5 58. Nd5 Ne6 59. Nf4 Nc5 60. Rxc5 Ke8 1-0

[Event "36th German Seniors-ch-65 2024"]
[Site "Bad Wildungen"]
[Date "2024.08.25"]
[Round "1.6"]
[White "Reimer, Otto"]
[Black "Rosen, Bernd"]
[Result "0-1"]
[ECO "C02"]
[WhiteElo "1911"]
[BlackElo "2245"]
[Annotator "RC"]
[PlyCount "80"]
[EventDate "2024.08.22"]
[EventType "swiss"]
[EventCountry "GER"]
[SourceTitle "playchess.com"]
[Source "ChessBase"]
[SourceQuality "1"]
[TimeControl "40/5400+30:1800+30"]

1. e4 e6 2. d4 d5 3. e5 c5 4. c3 Qb6 5. Nf3 Nc6 6. a3 Nh6 7. Bd3 cxd4 8. cxd4 Bd7 9. Bc2 Nf5 10. Bxf5 exf5 11. O-O h6 12. Nc3 Be6 13. b4 Rc8 14. Na4 Qc7 15. Nc5 Be7 16. g3 O-O 17. h4 b6 18. Nxe6 fxe6 19. Be3 b5 20. Qd3 Qb6 21. h5 a5 22. bxa5 Nxa5 23. Bd2 Rc4 24. Rfb1 Rfc8 25. Bb4 Bxb4 26. Rxb4 Nc6 27. Rxc4 bxc4 28. Qd2 Rb8 29. a4 Qb3 30. Kg2 c3 31. Qf4 Nb4 32. g4 Nd3 33. Qe3 fxg4 34. Qxd3 gxf3+ 35. Qxf3 Qb2 36. Rg1 Rf8 37. Qe3 Rf5 38. Rh1 Rg5+ 39. Kf3 c2 40. Qd2 Rxh5 0-1

[Event "36th German Seniors-ch-65 2024"]
[Site "Bad Wildungen"]
[Date "2024.08.25"]
[Round "1.7"]
[White "Buchal, Stephan"]
[Black "Gerl, Hans"]
[Result "0-1"]
[ECO "A15"]
[WhiteElo "2215"]
[BlackElo "1907"]
[Annotator "RC"]
[PlyCount "89"]
[EventDate "2024.08.22"]
[EventType "swiss"]
[EventCountry "GER"]
[SourceTitle "playchess.com"]
[Source "ChessBase"]
[SourceQuality "1"]
[TimeControl "40/5400+30:1800+30"]

1. c4 e5 2. g3 Nf6 3. Bg2 Nc6 4. Nf3 g6 5. b3 Bg7 6. Bb2 d6 7. O-O O-O 8. Nc3 Bd7 9. d3 Rb8 10. Qd2 Re8 11. Rfe1 a6 12. Rac1 h6 13. a3 Nd4 14. Nxd4 exd4 15. Nd5 c5 16. b4 b6 17. Rb1 Nxd5 18. Bxd5 Be6 19. Bc6 Bd7 20. Bd5 Be6 21. Bc6 Bd7 22. Bg2 Qc7 23. Qf4 Bc6 24. e3 Bxg2 25. Kxg2 Qc6+ 26. Qf3 Qxf3+ 27. Kxf3 dxe3 28. Rxe3 Rxe3+ 29. Kxe3 f5 30. Bxg7 Kxg7 31. d4 Re8+ 32. Kd3 cxd4 33. Kxd4 Re2 34. Kd5 Rc2 35. Kc6 Kf6 36. Kxb6 Rxc4 37. Kxa6 d5 38. Kb5 Ke5 39. a4 Rc2 40. a5 d4 41. a6 Ra2 42. Kb6 d3 43. a7 d2 44. Rd1 Ke4 45. Rxd2 0-1

[Event "36th German Seniors-ch-65 2024"]
[Site "Bad Wildungen"]
[Date "2024.08.25"]
[Round "1.8"]
[White "Zilch, Lothar"]
[Black "Heinig, Wolfram"]
[Result "1-0"]
[ECO "E90"]
[WhiteElo "1904"]
[BlackElo "2215"]
[Annotator "RC"]
[PlyCount "121"]
[EventDate "2024.08.22"]
[EventType "swiss"]
[EventCountry "GER"]
[SourceTitle "playchess.com"]
[Source "ChessBase"]
[SourceQuality "1"]
[TimeControl "40/5400+30:1800+30"]

1. c4 Nf6 2. Nc3 g6 3. d4 Bg7 4. e4 d6 5. Nf3 O-O 6. h3 e5 7. Bg5 h6 8. Be3 exd4 9. Bxd4 Re8 10. Bd3 Nc6 11. Be3 Ne5 12. Nxe5 dxe5 13. O-O c6 14. Qe2 Nh5 15. Bc2 Nf4 16. Qf3 Ne6 17. Qg3 Nd4 18. Bd3 Be6 19. Rfd1 a5 20. Ne2 a4 21. Nxd4 exd4 22. Bd2 Kh7 23. f4 Qd7 24. Rf1 f5 25. e5 Bf8 26. a3 Be7 27. Rfc1 c5 28. Qf3 Ra6 29. Qd1 Rb6 30. Rab1 Ra8 31. Qc2 Rb3 32. Kh2 Rf8 33. Rg1 Qe8 34. Rbf1 Qf7 35. Qb1 Bxc4 36. Rf3 Bxd3 37. Rxd3 b5 38. Rc1 Qd5 39. Re1 Re8 40. Rxb3 Qxb3 41. g4 Rf8 42. Rg1 d3 43. Rg3 fxg4 44. Qxd3 Qxd3 45. Rxd3 Rd8 46. Rxd8 Bxd8 47. hxg4 Kg7 48. Kg3 Kf7 49. Kf3 Be7 50. Ke4 h5 51. gxh5 gxh5 52. f5 b4 53. axb4 cxb4 54. f6 Bf8 55. Kf5 a3 56. bxa3 b3 57. e6+ Kg8 58. Bc1 Bc5 59. Bb2 h4 60. Kg4 Bf2 61. a4 1-0

[Event "36th German Seniors-ch-65 2024"]
[Site "Bad Wildungen"]
[Date "2024.08.25"]
[Round "1.9"]
[White "Vatter, Hans-Joachim"]
[Black "Schaefer, Ruediger"]
[Result "1-0"]
[ECO "B13"]
[WhiteElo "2212"]
[BlackElo "1902"]
[Annotator "RC"]
[PlyCount "61"]
[EventDate "2024.08.22"]
[EventType "swiss"]
[EventCountry "GER"]
[SourceTitle "playchess.com"]
[Source "ChessBase"]
[SourceQuality "1"]
[TimeControl "40/5400+30:1800+30"]

1. e4 c6 2. d4 d5 3. exd5 cxd5 4. Bd3 Nf6 5. h3 g6 6. Nf3 Bg7 7. Bf4 Nc6 8. c3 Qb6 9. Qb3 Qxb3 10. axb3 O-O 11. b4 Bf5 12. Bxf5 gxf5 13. b5 Nd8 14. Nbd2 Ne6 15. Be5 Nd7 16. Bh2 Bf6 17. O-O a6 18. Ra5 Nb6 19. Ne5 axb5 20. Rxb5 Ra6 21. Nd3 Nc4 22. Nxc4 dxc4 23. Nb4 Ra7 24. Rxf5 Rfa8 25. Rb5 Nd8 26. Rc5 Ne6 27. Rxc4 b5 28. Rc6 Ra1 29. d5 Rxf1+ 30. Kxf1 Nf8 31. Rb6 1-0

[Event "36th German Seniors-ch-65 2024"]
[Site "Bad Wildungen"]
[Date "2024.08.25"]
[Round "1.10"]
[White "Fleischer, Matthias"]
[Black "Koehler, Gerhard"]
[Result "1/2-1/2"]
[ECO "A48"]
[WhiteElo "1899"]
[BlackElo "2210"]
[Annotator "RC"]
[PlyCount "133"]
[EventDate "2024.08.22"]
[EventType "swiss"]
[EventCountry "GER"]
[SourceTitle "playchess.com"]
[Source "ChessBase"]
[SourceQuality "1"]
[TimeControl "40/5400+30:1800+30"]

1. d4 Nf6 2. e3 g6 3. Nf3 Bg7 4. Bd3 d6 5. Nbd2 O-O 6. O-O Nc6 7. c3 Re8 8. Qc2 e5 9. dxe5 Nxe5 10. Nxe5 Rxe5 11. Re1 Bd7 12. Nf1 Bc6 13. Ng3 a5 14. a4 Nd7 15. Be4 d5 16. Bf3 Nb6 17. b3 Qe8 18. Bb2 Re7 19. Rad1 Rd8 20. Ba3 Re5 21. Rc1 Nc8 22. Bc5 Nd6 23. Bd4 Re6 24. Bxg7 Kxg7 25. Red1 Ne4 26. Bxe4 dxe4 27. Rxd8 Qxd8 28. Rd1 Rd6 29. Rxd6 Qxd6 30. h3 Qd5 31. Nf1 g5 32. Nd2 h5 33. Qb2 f6 34. g3 h4 35. Kg2 Qd3 36. c4 hxg3 37. Kxg3 Qd6+ 38. Kg2 Qe6 39. Qd4 Bd7 40. Nxe4 Qxh3+ 41. Kg1 Qf5 42. Nxf6 Bc6 43. Nd5+ Kf7 44. e4 Qg4+ 45. Kf1 Bxd5 46. Qxd5+ Kg6 47. Qd3 Kf6 48. Qd8+ Kg6 49. Qd3 Kf6 50. f3 Qf4 51. Ke2 Qh2+ 52. Kd1 c6 53. Qd8+ Kg6 54. Qg8+ Kf6 55. Qf8+ Kg6 56. Qf5+ Kh6 57. e5 Qh1+ 58. Ke2 Qg2+ 59. Kd1 Qf1+ 60. Kc2 Qf2+ 61. Kb1 Qe1+ 62. Kb2 Qd2+ 63. Qc2 Qe1 64. Qc3 Qe2+ 65. Ka3 b6 66. c5 bxc5 67. Qxc5 1/2-1/2

[Event "36th German Seniors-ch-65 2024"]
[Site "Bad Wildungen"]
[Date "2024.08.25"]
[Round "1.11"]
[White "Behrens, Harald"]
[Black "Leisen, Peter"]
[Result "1-0"]
[ECO "A55"]
[WhiteElo "2206"]
[BlackElo "1897"]
[Annotator "ChessBase"]
[PlyCount "102"]
[EventDate "2024.08.22"]
[EventType "swiss"]
[EventCountry "GER"]
[SourceTitle "playchess.com"]
[Source "ChessBase"]
[SourceQuality "1"]
[TimeControl "40/5400+30:1800+30"]

1. d4 d6 2. Nf3 Nd7 3. g3 e5 4. Bg2 Be7 5. c4 Ngf6 6. Nc3 c6 7. O-O O-O 8. e4 a6 9. h3 Re8 10. Be3 Bf8 11. Qc2 Rb8 12. Rfd1 Qc7 13. Rac1 b6 14. a3 Bb7 15. Rd2 Rbd8 16. dxe5 dxe5 17. b4 a5 18. Qb1 h6 19. Rb2 axb4 20. axb4 Ra8 21. Bf1 Nb8 22. Nd2 Rd8 23. Rcc2 Nbd7 24. b5 Ra3 25. Ra2 Rda8 26. bxc6 Bxc6 27. Nd5 Qb7 28. Rxa3 Rxa3 29. Rb2 Bxd5 30. cxd5 Qa7 31. Nc4 Ra1 32. Qc2 Bc5 33. Bxc5 bxc5 34. Kg2 Qa4 35. Qxa4 Rxa4 36. f3 Kf8 37. Bd3 Ra7 38. f4 exf4 39. gxf4 g5 40. Kf3 Ke7 41. d6+ Kf8 42. e5 Nd5 43. f5 Nb4 44. Be4 h5 45. e6 fxe6 46. fxe6 g4+ 47. hxg4 hxg4+ 48. Kxg4 Nf6+ 49. Kf5 Nxe4 50. Kxe4 Nc6 51. Rb6 Ke8 1-0

[Event "36th German Seniors-ch-65 2024"]
[Site "Bad Wildungen"]
[Date "2024.08.25"]
[Round "1.12"]
[White "Josting, Friedel"]
[Black "Okrajek, Alexander"]
[Result "1-0"]
[ECO "A49"]
[WhiteElo "1896"]
[BlackElo "2172"]
[Annotator "RC"]
[PlyCount "96"]
[EventDate "2024.08.22"]
[EventType "swiss"]
[EventCountry "GER"]
[SourceTitle "playchess.com"]
[Source "ChessBase"]
[SourceQuality "1"]
[TimeControl "40/5400+30:1800+30"]

1. d4 Nf6 2. Nf3 g6 3. g3 Bg7 4. Bg2 O-O 5. O-O d6 6. Re1 Nbd7 7. Nbd2 e5 8. Nf1 c6 9. c3 e4 10. N3d2 Re8 11. Nc4 Nb6 12. Nfe3 Be6 13. b3 Qd7 14. Ba3 Nxc4 15. Nxc4 Bf8 16. Bc1 Bh3 17. Bg5 Nd5 18. Qc2 Qg4 19. Bd2 Bxg2 20. Kxg2 h5 21. Ne3 Nxe3+ 22. Bxe3 d5 23. Qd2 Bd6 24. Rf1 Qe6 25. Bf4 Rad8 26. Bxd6 Rxd6 27. Rae1 Kg7 28. h4 Qg4 29. Qe3 Rde6 30. c4 Qf5 31. Qc3 g5 32. hxg5 Qxg5 33. Rh1 Rg6 34. Qc1 e3 35. Rh3 exf2 36. Kxf2 Qf5+ 37. Kg2 Qe4+ 38. Kh2 Qxd4 39. e3 Qe5 40. Qd2 h4 41. Qf2 hxg3+ 42. Rxg3 Rh8+ 43. Kg2 Rhh6 44. Qf4 Qb2+ 45. Kf3 Rxg3+ 46. Qxg3+ Rg6 47. Qh3 Rf6+ 48. Kg4 Qf2 1-0

[Event "36th German Seniors-ch-65 2024"]
[Site "Bad Wildungen"]
[Date "2024.08.25"]
[Round "1.13"]
[White "Podat, Vladimir"]
[Black "Kalkmann, Hans"]
[Result "1-0"]
[ECO "D61"]
[WhiteElo "2157"]
[BlackElo "1896"]
[Annotator "RC"]
[PlyCount "71"]
[EventDate "2024.08.22"]
[EventType "swiss"]
[EventCountry "GER"]
[SourceTitle "playchess.com"]
[Source "ChessBase"]
[SourceQuality "1"]
[TimeControl "40/5400+30:1800+30"]

1. d4 Nf6 2. c4 c6 3. Nf3 d5 4. Nc3 e6 5. Bg5 Be7 6. e3 O-O 7. Qc2 Nbd7 8. a3 b6 9. cxd5 cxd5 10. Bd3 h6 11. Bh4 Bb7 12. O-O a6 13. Qe2 b5 14. a4 b4 15. Nb1 a5 16. Nbd2 Qb6 17. Bb5 Bd6 18. Nb3 Rfc8 19. Rfc1 Rxc1+ 20. Rxc1 Rc8 21. Rxc8+ Bxc8 22. Bg3 Bxg3 23. hxg3 Qc7 24. Ne1 Ne4 25. Qc2 Qd8 26. Nxa5 Ba6 27. Nc6 Qb6 28. Bxa6 Qxa6 29. Nxb4 Qd6 30. Ned3 Ndf6 31. Nc6 Ng4 32. Nce5 Nxe5 33. dxe5 Qb6 34. b4 d4 35. Qc8+ Kh7 36. Qc4 1-0

[Event "36th German Seniors-ch-65 2024"]
[Site "Bad Wildungen"]
[Date "2024.08.25"]
[Round "1.14"]
[White "Stuhlmann, Alexander"]
[Black "Gruzmann, Boris"]
[Result "0-1"]
[ECO "C54"]
[WhiteElo "1892"]
[BlackElo "2167"]
[Annotator "RC"]
[PlyCount "56"]
[EventDate "2024.08.22"]
[EventType "swiss"]
[EventCountry "GER"]
[SourceTitle "playchess.com"]
[Source "ChessBase"]
[SourceQuality "1"]
[TimeControl "40/5400+30:1800+30"]

1. e4 e5 2. Nf3 Nc6 3. Bc4 Nf6 4. d3 Bc5 5. c3 d6 6. Nbd2 O-O 7. b4 Bb6 8. h3 a5 9. b5 Ne7 10. Nf1 c6 11. Be3 d5 12. exd5 cxd5 13. Bb3 Ng6 14. Bg5 Be6 15. Ne3 Qc7 16. Rc1 e4 17. Nd4 Nf4 18. Bxf4 Qxf4 19. g3 Qe5 20. Nxe6 fxe6 21. d4 Qd6 22. O-O e5 23. dxe5 Qxe5 24. Nxd5 Qxg3+ 25. Kh1 Qxh3+ 26. Kg1 Kh8 27. Nf4 Qg3+ 28. Ng2 Ng4 0-1

[Event "36th German Seniors-ch-65 2024"]
[Site "Bad Wildungen"]
[Date "2024.08.25"]
[Round "1.15"]
[White "Babrikowski, Peter"]
[Black "Zimmermann, Manfred"]
[Result "1-0"]
[ECO "C02"]
[WhiteElo "2153"]
[BlackElo "1892"]
[Annotator "RC"]
[PlyCount "58"]
[EventDate "2024.08.22"]
[EventType "swiss"]
[EventCountry "GER"]
[SourceTitle "playchess.com"]
[Source "ChessBase"]
[SourceQuality "1"]
[TimeControl "40/5400+30:1800+30"]

1. e4 e6 2. d4 d5 3. e5 c5 4. c3 Nc6 5. Nf3 Nge7 6. Bd3 Nf5 7. dxc5 Bxc5 8. O-O a6 9. Bg5 Rb8 10. Be7 Nfxe7 11. Nbd2 Ng6 12. Re1 Qc7 13. Bc2 h6 14. Nf1 O-O 15. Qd3 Bd7 16. h4 Rfd8 17. Ng3 Nf8 18. h5 Ne7 19. Nd4 Bd6 20. Qd2 Qc4 21. Re3 Nc6 22. Bb3 Qc5 23. Nge2 Ra8 24. Rg3 Bb8 25. Qf4 Nh7 26. Bc2 Kh8 27. Rd1 Rg8 28. Nxc6 Bxc6 29. Qd4 Qe7 1-0

[Event "36th German Seniors-ch-65 2024"]
[Site "Bad Wildungen"]
[Date "2024.08.25"]
[Round "1.16"]
[White "Klein, Gernot"]
[Black "Kaeding, Rainer"]
[Result "0-1"]
[ECO "B48"]
[WhiteElo "1891"]
[BlackElo "2116"]
[Annotator "RC"]
[PlyCount "86"]
[EventDate "2024.08.22"]
[EventType "swiss"]
[EventCountry "GER"]
[SourceTitle "playchess.com"]
[Source "ChessBase"]
[SourceQuality "1"]
[TimeControl "40/5400+30:1800+30"]

1. e4 c5 2. Nf3 e6 3. d4 cxd4 4. Nxd4 Nc6 5. Nc3 Qc7 6. Be3 a6 7. Qd2 Nf6 8. f3 b5 9. O-O-O Be7 10. g4 b4 11. Nce2 Bb7 12. g5 Nh5 13. Nxc6 dxc6 14. Kb1 Rd8 15. Qe1 Rxd1+ 16. Qxd1 O-O 17. Bh3 e5 18. Qc1 g6 19. Bg4 Ng7 20. h4 Bc8 21. Qg1 Bxg4 22. fxg4 Ne6 23. Qh2 Bc5 24. Bc1 a5 25. h5 a4 26. Rd1 Rb8 27. Rd3 Be7 28. Qh4 Nc5 29. Rh3 Bf8 30. Re3 Rd8 31. Qh1 Qd7 32. Qh2 Qe6 33. Qg1 b3 34. cxb3 axb3 35. a3 Qc4 36. Nc3 Nd3 37. Rf3 Bxa3 38. Qa7 Bb4 39. Qc7 Rf8 40. Bd2 Bxc3 41. bxc3 Qxe4 42. Re3 Qh1+ 43. Be1 Qg2 0-1

[Event "36th German Seniors-ch-65 2024"]
[Site "Bad Wildungen"]
[Date "2024.08.25"]
[Round "1.17"]
[White "Namyslo, Holger"]
[Black "Schwetje, Siegfried"]
[Result "1-0"]
[ECO "C22"]
[WhiteElo "2140"]
[BlackElo "1887"]
[Annotator "RC"]
[PlyCount "43"]
[EventDate "2024.08.22"]
[EventType "swiss"]
[EventCountry "GER"]
[SourceTitle "playchess.com"]
[Source "ChessBase"]
[SourceQuality "1"]
[TimeControl "40/5400+30:1800+30"]

1. e4 e5 2. d4 exd4 3. Qxd4 Nc6 4. Qe3 d6 5. Nc3 Nf6 6. Bd2 Be7 7. O-O-O O-O 8. f4 Ng4 9. Qe1 f5 10. h3 Nf6 11. exf5 Bxf5 12. g4 Bg6 13. Nf3 Re8 14. f5 Bf8 15. Qg3 Bf7 16. Ng5 Qd7 17. Nxf7 Qxf7 18. g5 Ne4 19. Nxe4 Rxe4 20. Kb1 Qxf5 21. Qb3+ Qe6 22. Qxb7 1-0

[Event "36th German Seniors-ch-65 2024"]
[Site "Bad Wildungen"]
[Date "2024.08.25"]
[Round "1.18"]
[White "Nemoj, Ilja"]
[Black "Kierzek, Matthias"]
[Result "1-0"]
[ECO "D00"]
[WhiteElo "1885"]
[BlackElo "2140"]
[Annotator "RC"]
[PlyCount "57"]
[EventDate "2024.08.22"]
[EventType "swiss"]
[EventCountry "GER"]
[SourceTitle "playchess.com"]
[Source "ChessBase"]
[SourceQuality "1"]
[TimeControl "40/5400+30:1800+30"]

1. d4 d5 2. Bf4 c5 3. e3 Nc6 4. c3 Nf6 5. Bd3 e6 6. Nd2 Bd6 7. Bg3 e5 8. dxe5 Nxe5 9. Bc2 O-O 10. Ne2 b6 11. Nf4 Ba6 12. Bh4 Be7 13. Nf3 Nxf3+ 14. Qxf3 d4 15. exd4 cxd4 16. O-O-O d3 17. Bxd3 Bxd3 18. Rxd3 Qc7 19. Bxf6 Bxf6 20. Nd5 Bg5+ 21. Kb1 Qe5 22. h4 Bh6 23. Rhd1 Rae8 24. g4 f6 25. Ne3 Bxe3 26. Rxe3 Qh2 27. h5 Re5 28. Rh1 Rxe3 29. Qd5+ 1-0

[Event "36th German Seniors-ch-65 2024"]
[Site "Bad Wildungen"]
[Date "2024.08.25"]
[Round "1.19"]
[White "Hassenrueck, Helmut"]
[Black "Zechel, Rolf-Ruediger"]
[Result "1-0"]
[ECO "A43"]
[WhiteElo "2136"]
[BlackElo "1885"]
[Annotator "RC"]
[PlyCount "69"]
[EventDate "2024.08.22"]
[EventType "swiss"]
[EventCountry "GER"]
[SourceTitle "playchess.com"]
[Source "ChessBase"]
[SourceQuality "1"]
[TimeControl "40/5400+30:1800+30"]

1. d4 Nf6 2. Nf3 c5 3. d5 e6 4. Nc3 exd5 5. Nxd5 Nxd5 6. Qxd5 Be7 7. e4 O-O 8. Bc4 Nc6 9. c3 d6 10. Qh5 Be6 11. Bxe6 fxe6 12. Ng5 Bxg5 13. Bxg5 Qe8 14. Qxe8 Raxe8 15. Rd1 d5 16. Be3 d4 17. cxd4 cxd4 18. Bxd4 Rd8 19. Bc5 Rxd1+ 20. Kxd1 Rd8+ 21. Ke2 Kf7 22. Rd1 Rxd1 23. Kxd1 b6 24. Be3 Nb4 25. a3 Nd3 26. b3 Ne5 27. h3 Nd7 28. Kc2 h6 29. Kc3 h5 30. a4 a6 31. Bf4 g6 32. Bd6 e5 33. g3 Ke6 34. Bc7 g5 35. g4 1-0

[Event "36th German Seniors-ch-65 2024"]
[Site "Bad Wildungen"]
[Date "2024.08.25"]
[Round "1.20"]
[White "Ellerbrock, Manfred"]
[Black "Erler, Rainer"]
[Result "0-1"]
[ECO "D40"]
[WhiteElo "1884"]
[BlackElo "2122"]
[Annotator "RC"]
[PlyCount "52"]
[EventDate "2024.08.22"]
[EventType "swiss"]
[EventCountry "GER"]
[SourceTitle "playchess.com"]
[Source "ChessBase"]
[SourceQuality "1"]
[TimeControl "40/5400+30:1800+30"]

1. d4 d5 2. c4 e6 3. Nc3 c5 4. e3 Nf6 5. Nf3 a6 6. a3 dxc4 7. Bxc4 b5 8. Be2 Bb7 9. O-O Nc6 10. dxc5 Bxc5 11. b4 Bd6 12. Bb2 Qe7 13. Qb3 O-O 14. Rfd1 Rac8 15. Rac1 e5 16. Nd5 Nxd5 17. Qxd5 Nd4 18. Nxd4 Bxd5 19. Rxc8 Rxc8 20. Nf5 Qg5 21. Ng3 e4 22. h4 Qxh4 23. Rxd5 Bxg3 24. fxg3 Qxg3 25. Bd4 h6 26. Re5 Rc2 0-1

[Event "36th German Seniors-ch-65 2024"]
[Site "Bad Wildungen"]
[Date "2024.08.25"]
[Round "1.21"]
[White "Kannenberg, Karl-Heinz"]
[Black "Nebel, Uwe"]
[Result "1/2-1/2"]
[ECO "D02"]
[WhiteElo "2121"]
[BlackElo "1884"]
[Annotator "RC"]
[PlyCount "32"]
[EventDate "2024.08.22"]
[EventType "swiss"]
[EventCountry "GER"]
[SourceTitle "playchess.com"]
[Source "ChessBase"]
[SourceQuality "1"]
[TimeControl "40/5400+30:1800+30"]

1. d4 d5 2. Nf3 Nf6 3. c3 c6 4. Bf4 Bf5 5. Qb3 Qb6 6. Nbd2 Nbd7 7. h3 h6 8. e3 g5 9. Bg3 Bg7 10. Be2 O-O 11. Ne5 Ne4 12. Nxd7 Qxb3 13. axb3 Nxg3 14. fxg3 Bxd7 15. g4 e5 16. O-O exd4 1/2-1/2

[Event "36th German Seniors-ch-65 2024"]
[Site "Bad Wildungen"]
[Date "2024.08.25"]
[Round "1.22"]
[White "Wagner, Ingolf"]
[Black "Schrems, Hermann"]
[Result "0-1"]
[ECO "D04"]
[WhiteElo "1883"]
[BlackElo "2118"]
[Annotator "RC"]
[PlyCount "109"]
[EventDate "2024.08.22"]
[EventType "swiss"]
[EventCountry "GER"]
[SourceTitle "playchess.com"]
[Source "ChessBase"]
[SourceQuality "1"]
[TimeControl "40/5400+30:1800+30"]

1. d4 d5 2. Nf3 Nf6 3. e3 g6 4. Bd3 Bg7 5. h3 O-O 6. Nbd2 c5 7. b3 cxd4 8. exd4 Nc6 9. Bb2 Nb4 10. Ne5 Nxd3+ 11. Nxd3 Bf5 12. Qe2 Rc8 13. c3 Re8 14. Ne5 Rc7 15. O-O Nd7 16. g4 Nxe5 17. gxf5 Nc6 18. Qg4 Qd7 19. fxg6 hxg6 20. Qxd7 Rxd7 21. Nf3 Bf6 22. Rad1 b5 23. Ba3 Rc8 24. Bc5 e6 25. Rfe1 Ne7 26. Kg2 Nf5 27. b4 Nd6 28. Rd3 Nc4 29. Re2 Ra8 30. Nd2 Kg7 31. Nxc4 dxc4 32. Rde3 Rd5 33. a4 a6 34. Ra2 Rdd8 35. Re1 Rh8 36. axb5 axb5 37. Rea1 Rxa2 38. Rxa2 e5 39. Ra5 exd4 40. cxd4 Rd8 41. Kf3 Bxd4 42. Bxd4+ Rxd4 43. Rxb5 c3 44. Rc5 Rxb4 45. Rxc3 g5 46. Kg3 Kg6 47. f3 f5 48. Ra3 Kh5 49. Ra8 f4+ 50. Kg2 Rb2+ 51. Kh1 Kh4 52. Rh8+ Kg3 53. Kg1 Kxf3 54. Kf1 Kg3 55. Kg1 0-1